 Dungeon Crawl Stone Soup version 0.29-a0-283-ga02f740833 (webtiles) character file.

Game seed: 2288303132517270938

2705 Ajdolov the Carver (level 9, -2/59 HPs)
             Began as a Tengu Monk on Mar 13, 2022.
             Slain by a water moccasin (7 damage)
             ... on level 7 of the Dungeon.
             The game lasted 00:10:03 (6402 turns).

Ajdolov the Carver (Tengu Monk)                     Turns: 6402, Time: 00:10:04

Health: -2/59      AC:  7    Str: 12    XL:     9   Next: 65%
Magic:  8/10       EV: 12    Int: 10    God:
Gold:   409        SH:  0    Dex: 21    Spells: 8/8 levels left

rFire   + . .      SeeInvis .   a - +0 falchion
rCold   + . .      Faith    .   (no shield)
rNeg    . . .      Spirit   .   u - +0 scale mail
rPois   .          Reflect  .   (helmet restricted)
rElec   .          Harm     .   g - scarf {rC+ rF+}
rCorr   .          Rampage  .   h - +0 pair of gloves {infuse}
Will    +....                   (boots unavailable)
Stlth   +.........              l - amulet of magic regeneration
HPRegen 0.19/turn               j - +4 ring of slaying
MPRegen 0.52/turn               x - ring of willpower

@: lethally poisoned (-2 -> -35), flying quickly and evasively, studying
Crossbows, quick
A: beak, talons 3, nimble flight
a: no special abilities


You were on level 7 of the Dungeon.
You visited 2 branches of the dungeon, and saw 8 of its levels.
You also visited: Ossuary.

You collected 409 gold pieces.

Inventory:

Hand Weapons
 a - a +0 falchion (weapon)
Armour
 c - a +0 cloak
 g - a scarf of resistance (worn)
 h - a +0 pair of gloves of infusion (worn)
 u - a +0 scale mail (worn)
Jewellery
 e - a ring of positive energy
 j - a +4 ring of slaying (left hand)
 l - an amulet of magic regeneration (around neck)
 x - a ring of willpower (right hand)
 D - a ring of see invisible
Scrolls
 i - 9 scrolls of teleportation
 k - a scroll of blinking {unknown}
 n - a scroll of brand weapon {unknown}
 s - 2 scrolls of immolation
 t - 3 scrolls of enchant weapon
 v - 2 scrolls of summoning
 y - a scroll of amnesia {unknown}
 B - a scroll of vulnerability {unknown}
 C - 2 scrolls of noise
Potions
 b - 4 potions of haste
 d - 2 potions of lignification
 f - 5 potions of heal wounds
 m - a potion of experience {unknown}
 o - a potion of flight {unknown}
 p - 2 potions of curing
 q - a potion of mutation {unknown}
 r - a potion of brilliance {unknown}
 w - 2 potions of ambrosia
 z - 3 potions of cancellation
 A - a potion of might {unknown}
 E - a potion of resistance {unknown}


   Skills:
 + Level 8.1 Fighting
 * Level 11.9 Long Blades
 - Level 3.2 Dodging
 - Level 2.0 Stealth


You had 8 spell levels left.
You didn't know any spells.
Your spell library contained the following spells:

 Spells                   Type           Power      Damage    Failure   Level
 Pain                     Necr           0%         1d4       91%         1
 Dazzling Flash           Conj/Hex       0%         N/A       99%         3
 Agony                    Necr           0%         N/A       100%        5
 Excruciating Wounds      Necr           0%         N/A       100%        5
 Silence                  Hex/Air        0%         N/A       100%        5


Dungeon Overview and Level Annotations

Branches:
Dungeon (7/15)             Temple (1/1) D:4         Ossuary (visited)

Altars:
Ashenzari
Cheibriados
Dithmenos
Hepliaklqana
Kikubaaqudgha
Okawaru
Qazlal
Ru
Sif Muna
Trog
Vehumet
Yredelemnul

Shops:
D:5 (


Innate Abilities, Weirdness & Mutations

You have a beak for a mouth.
You have claws for feet.
Your magical nature lets you fly swiftly and evasively.


Message History

The killer bee barely misses you.
The killer bee stings you but does no damage.
The killer bee barely misses you. The killer bee stings you.
You are poisoned.
The killer bee poisons you!
You slash the killer bee! Your kick misses the killer bee.
The killer bee is severely wounded.
You feel sick.
The killer bee stings you but does no damage.
The killer bee stings you. The killer bee misses you.
The killer bee stings you.
You are more poisoned.
The killer bee poisons you! The killer bee stings you.
You are more poisoned.
The killer bee poisons you! The killer bee stings you.
The killer bee closely misses you. The killer bee stings you.
You are more poisoned.
The killer bee poisons you!
You are too injured to fight recklessly!
You hit the killer bee.
You kill the killer bee!
You feel very sick. The killer bee stings you.
* * * LOW HITPOINT WARNING * * *
You are more poisoned.
The killer bee poisons you! The killer bee barely misses you.
The killer bee misses you.
You feel much better.
You feel extremely sick. The killer bee stings you.
You are lethally poisoned!
The killer bee poisons you! The killer bee barely misses you.
The killer bee stings you! The water moccasin bites you.
* * * LOW HITPOINT WARNING * * *
The killer bee stings you.
* * * LOW HITPOINT WARNING * * *
The killer bee closely misses you. The killer bee stings you!
* * * LOW HITPOINT WARNING * * *
The water moccasin bites you!
You die...

..............## #......#
............:...# #......
................# #...#..
................# #.....#
................####..##.#
.........^......#.........
....................####..
#.......Syy.......####....
........#@y......## #....
.####.†y###...#### #.....
#..#.##....... .....
......##...#... . .....
.#......... .....#.
...###... ...! .S . ....
.. #.


You could see a water moccasin and 3 killer bees.

Vanquished Creatures
  Grinder (D:3)
  Sigmund (D:3)
  3 water moccasins
  A sky beast (D:5)
  5 black bears
  An ogre (D:5)
  A centaur (D:4)
  A kobold brigand (D:6)
  A phantom (D:6)
  3 necrophages
  An elf zombie (Ossuary)
  A scorpion (D:6)
  A bullfrog (D:7)
  A wight (D:4)
  3 killer bees (D:7)
  A howler monkey (D:7)
  2 hounds (D:5)
  An orc priest (D:2)
  A gnoll shaman (D:7)
  2 human zombies (Ossuary)
  Terence (D:2)
  3 iguanas
  4 mummies (Ossuary)
  Robin (D:3)
  8 adders
  4 gnolls (D:7)
  A shadow imp (D:3)
  A white imp (D:6)
  An adder zombie (Ossuary)
  2 worms
  A dart slug (D:3)
  4 orcs
  4 bats
  3 endoplasms
  6 giant cockroaches
  A gnoll zombie (Ossuary)
  18 goblins
  4 hobgoblins
  8 jackals
  5 quokkas
  9 ball pythons
  3 frilled lizards
  A goblin zombie (Ossuary)
  2 hobgoblin zombies (Ossuary)
  3 jackal zombies (Ossuary)
  8 kobolds
  An orc zombie (Ossuary)
  6 rats
145 creatures vanquished.

Notes
Turn   | Place    | Note
-------+----------+-------------------------------------------
     0 | D:1      | Ajdolov the Tengu Monk began the quest for the Orb.
     0 | D:1      | Reached XP level 1. HP: 14/14 MP: 2/2
   104 | D:1      | Found a faded altar of an unknown god.
   137 | D:1      | Reached XP level 2. HP: 19/19 MP: 3/3
   347 | D:1      | You fall into a shaft and drop 1 floor!
   366 | D:2      | Reached skill level 4 in Long Blades
   366 | D:2      | Reached XP level 3. HP: 10/23 MP: 4/4
  1059 | D:2      | Reached XP level 4. HP: 28/28 MP: 5/5
  1772 | D:1      | Reached skill level 5 in Long Blades
  1961 | D:3      | Noticed Terence
  1976 | D:2      | Killed Terence
  1977 | D:2      | Gained mutation: Your magical nature lets you fly swiftly
                  | and evasively. [Tengu growth]
  1977 | D:2      | Reached XP level 5. HP: 17/33 MP: 6/6
  2182 | D:3      | Noticed Sigmund
  2192 | D:3      | Killed Sigmund
  2193 | D:3      | Reached skill level 6 in Long Blades
  2193 | D:3      | Reached XP level 6. HP: 22/39 MP: 7/7
  2343 | D:3      | Noticed Robin
  2347 | D:3      | Killed Robin
  2528 | D:3      | Noticed Grinder
  2541 | D:3      | Killed Grinder
  2542 | D:3      | Reached skill level 5 in Fighting
  2542 | D:3      | Reached skill level 7 in Long Blades
  2542 | D:3      | Reached XP level 7. HP: 14/44 MP: 8/8
  3214 | D:3      | Identified a scroll of acquirement
  3223 | D:3      | Acquired a +0 pair of gloves of infusion
  3417 | D:4      | Reached skill level 8 in Long Blades
  3686 | D:4      | Found a staircase to the Ecumenical Temple.
  3712 | Temple   | Entered the Ecumenical Temple
  4154 | D:5      | Entered Level 5 of the Dungeon
  4202 | D:5      | Reached XP level 8. HP: 51/51 MP: 7/9
  4206 | D:5      | Found a shadowy altar of Dithmenos.
  4239 | D:5      | Reached skill level 9 in Long Blades
  4289 | D:5      | Found Uphaol's Antique Weapon Shoppe.
  4391 | D:5      | Found a sand-covered staircase.
  4404 | Ossuary  | Entered an ossuary
  5239 | D:5      | Reached skill level 10 in Long Blades
  5365 | D:5      | Reached XP level 9. HP: 53/57 MP: 8/10
  5756 | D:6      | Reached skill level 11 in Long Blades
  6021 | D:6      | Noticed a two-headed ogre
  6345 | D:7      | Found a radiant altar of Vehumet.
  6402 | D:7      | Slain by a water moccasin

Illustrated notes

Levels and vault maps discovered:
D:1:      wander_arrival_estate, layout_loops_ring,
          hellmonk_ecumenical_altar_dog_temple
D:2:      layout_loops_cross, minmay_vboxes
D:3:      kennysheep_big_flooded_room, layout_loops_ring, bh_walls_and_bars,
          uniq_robin, uniq_sigmund, uniq_terence, uniq_grinder
D:4:      layout_rooms, minmay_temple_entry_crystal_x, minmay_manual_moon
D:5:      layout_basic, mainiacjoe_overflow_surrounded_room, enter_ossuary_1,
          serial_shops, nicolae_shop_stone
D:6:      layout_rooms, minmay_fractal_squares_gapless_5
D:7:      layout_rooms, overflow_temple_1_default, old_standard_altar
Temple:   jpeg_temple_alley_garden

Skill      XL: |  1  2  3  4  5  6  7  8  9 |
---------------+----------------------------+-----
Long Blades    | 4 5 6 7 8 10 11 | 11.9
Fighting       | 4 5 6 7 8 |  8.1
Dodging        | |  3.2
Stealth        | |  2.0

Action                   |  1- 3 |  4- 6 |  7- 9 || total
-------------------------+-------+-------+-------++-------
Melee: Falchion          |    65 |    78 |   186 ||   329
       Kick              |    11 |    13 |    63 ||    87
       Peck              |     5 |     8 |    37 ||    50
       Punch             |       |     3 |     3 ||     6
  Use: Potion            |     1 |     1 |     1 ||     3
       Scroll            |       |       |    12 ||    12
 Stab: Sleeping          |       |     2 |       ||     2
Armor: Robe              |    17 |     7 |       ||    24
       Scale mail        |       |     4 |    50 ||    54
Dodge: Dodged            |    52 |    43 |   108 ||   203

Table legend: (Time is in decaauts)
 A = Elapsed time spent in this place.
 B = Non-inter-level travel time spent in this place.
 C = Inter-level travel time spent in this place.
 D = Time resting spent in this place.
 E = Time spent auto-exploring this place.
 F = Levels seen in this place.
 G = Mean time per level.
                   A        B        C        D        E       F      G
               +--------+--------+--------+--------+--------+-----+--------+
         Total |   6136 |   5872 |    264 |    417 |   4423 |   9 |  681.8 |
       Dungeon |   5464 |   5249 |    215 |    417 |   3962 |   7 |  780.6 |
        Temple |    236 |    188 |     48 |      0 |    169 |   1 |  236.0 |
       Ossuary |    435 |    435 |      0 |      0 |    291 |   1 |  435.0 |
               +--------+--------+--------+--------+--------+-----+--------+

Top non-repeatable levels by time:
     D:2: 1208 daAuts
     D:3: 1042 daAuts
     D:1: 946 daAuts
     D:5: 718 daAuts
     D:6: 689 daAuts
     D:4: 597 daAuts
 Ossuary: 435 daAuts
     D:7: 262 daAuts
  Temple: 236 daAuts
